 Dungeon Crawl Stone Soup version 0.20-a0-210-gd6c29eb (webtiles) character file.

12266 feito the Markself (level 11, -1/78 HPs)
             Began as a High Elf Hunter on Nov 26, 2016.
             Was a Believer of Nemelex Xobeh.
             Slain by a yak (10 damage)
             ... on level 10 of the Dungeon.
             The game lasted 01:31:54 (15766 turns).

feito the Markself (High Elf Hunter)               Turns: 15766, Time: 01:31:54

Health: -1/78      AC:  8    Str: 11    XL:     11   Next: 60%
Magic:  17/17      EV: 20    Int: 21    God:    Nemelex Xobeh [**....]
Gold:   413        SH:  0    Dex: 22    Spells: 9/14 levels left

rFire  . . .     SeeInvis .     b - +1 dagger (venom)
rCold  . . .     Gourm    .     l - +2 leather armour {MR+}
rNeg   . . .     Faith    +     (no shield)
rPois  .         Spirit   .     q - +0 helmet
rElec  .         Reflect  .     c - +0 cloak
rCorr  .         Harm     .     s - +0 pair of gloves
MR     ++...                    (no boots)
Stlth  +++.......               H - amulet of faith
                                z - +2 ring of intelligence
                                i - ring of wizardry

@: no status effects
A: agile 2, clever 1
a: Renounce Religion


You were on level 10 of the Dungeon.
You worshipped Nemelex Xobeh.
Nemelex Xobeh was pleased with you.
You were not hungry.

You visited 3 branches of the dungeon, and saw 12 of its levels.

You collected 462 gold pieces.
You spent 49 gold pieces at shops.

Inventory:

Hand Weapons
 a - a +0 shortbow of flaming
 b - a +1 dagger of venom (weapon)
 T - the +6 mace "Sasch" {freeze, rPois Int+3}
   (You found it on level 7 of the Dungeon)

   It has been specially enchanted to freeze those struck by it, causing extra
   injury to most foes and up to half again as much damage against particularly
   susceptible opponents.
   It can also slow down cold-blooded creatures.
   It affects your intelligence (+3).
   It protects you from poison.
 X - a +1 falchion of holy wrath
Missiles
 A - 50 arrows
 B - 10 tomahawks (quivered)
Armour
 c - a +0 cloak (worn)
 k - +0 ice dragon scales
 l - a +2 leather armour of magic resistance (worn)
 q - a +0 helmet (worn)
 s - a +0 pair of gloves (worn)
 t - a +0 leather armour of poison resistance
 S - a +2 robe of fire resistance
 Z - a +0 troll leather armour
Jewellery
 i - a ring of wizardry (left hand)
 z - a +2 ring of intelligence (right hand)
 H - an amulet of faith (around neck)
 I - a +2 amulet of reflection
Wands
 G - a wand of iceblast (9/15)
 W - a wand of confusion (15/48)
Scrolls
 e - 3 scrolls of recharging
 g - 10 scrolls of identify
 m - 4 scrolls of remove curse
 n - 2 scrolls of enchant armour
 u - 3 scrolls of immolation {unknown}
 x - 2 scrolls of enchant weapon {unknown}
 y - 4 scrolls of magic mapping {unknown}
 D - 2 scrolls of random uselessness {unknown}
 E - 3 scrolls of blinking {unknown}
 F - a scroll of torment {unknown}
 V - 2 scrolls of teleportation {unknown}
 Y - a scroll of noise {unknown}
Potions
 d - 2 potions of curing
 h - a potion of haste
 p - 3 potions of brilliance
 r - 4 potions of flight
 v - a potion of might
 w - a potion of degeneration {unknown}
 J - 3 potions of lignification {unknown}
 L - a potion of heal wounds {unknown}
 M - 2 potions of invisibility {unknown}
 N - a potion of berserk rage {unknown}
 Q - a potion of cure mutation {unknown}
 U - a potion of ambrosia {unknown}
Books
 K - a book of Misfortune

   Spells                             Type                      Level
   a - Confusing Touch                Hexes                        1
   b - Confuse                        Hexes                        3
   c - Gell's Gravitas                Hexes/Translocation          3
   d - Petrify                        Transmutation/Earth          4
   e - Metabolic Englaciation         Hexes/Ice                    5
   f - Yara's Violent Unravelling     Hexes/Transmutation          5
 O - a book of Maledictions

   Spells                             Type                      Level
   a - Corona                         Hexes                        1
   b - Ensorcelled Hibernation        Hexes/Ice                    2
   c - Confuse                        Hexes                        3
   d - Tukima's Dance                 Hexes                        3
   e - Dazzling Spray                 Conjuration/Hexes            3
 R - Sif Muna's Catalogue of Twisted Feathers
   (You found it on level 8 of the Dungeon)

   Spells                             Type                      Level
   a - Swiftness                      Charms/Air                   2
   b - Vampiric Draining              Necromancy                   3
   c - Excruciating Wounds            Charms/Necromancy            5
   d - Lightning Bolt                 Conjuration/Air              5
   e - Bolt of Draining               Conjuration/Necromancy       5
Miscellaneous
 o - a plain deck of escape {drawn: 1}
Comestibles
 f - 6 bread rations
 C - 2 meat rations


   Skills:
 + Level 8.5 Fighting
 - Level 0.5 Short Blades
 * Level 15.5 Bows
 + Level 9.5 Dodging
 - Level 4.3 Stealth
 - Level 2.1 Spellcasting
 - Level 3.1 Charms
 + Level 6.7 Invocations


You had 9 spell levels left.
You knew the following spells:

 Your Spells              Type           Power        Failure   Level  Hunger
a - Swiftness             Chrm/Air       #.......     7%          2    ##.....
b - Confuse               Hex            #.......     30%         3    ###....


Dungeon Overview and Level Annotations

Branches:
Dungeon (10/15)            Temple (1/1) D:7            Lair (1/6) D:10
    Orc: D:9-12

Altars:
Ashenzari
Cheibriados
Dithmenos
Elyvilon
Fedhas
Gozag
Hepliaklqana
Kikubaaqudgha
Makhleb
Nemelex Xobeh
Okawaru
Qazlal
Ru
Sif Muna
Trog
Uskayaw
Vehumet
Xom
Yredelemnul
Zin
The Shining One

Shops:
D:5 *


Innate Abilities, Weirdness & Mutations

You are very agile. (Dex +4)
Your mind is acute. (Int +2)


Message History

The yak gores you but does no damage. The porcupine bites you!
The yak misses you. The yak misses you. The yak completely misses you.
You see here a water moccasin skeleton.
There is a staircase back to the Dungeon, spattered with blood here.
The porcupine closely misses you. The yak barely misses you.
You climb upwards.
Welcome back to the Dungeon!
There is a staircase to the Lair here.
You draw a card...
It is the Tomb.
Nothing appears to happen.
The porcupine bites you!
* * * LOW HITPOINT WARNING * * *
The yak gores you!
* * * LOW HITPOINT WARNING * * *
As you read the scroll of fog, it crumbles to dust.
The scroll dissolves into smoke.
The porcupine bites you.
* * * LOW HITPOINT WARNING * * *
The yak gores you!
You die...
Your body disappears without a glow.

..# #........#.......#...# ..#
#.......P#.......#...# ..#
##P..PP...P.......#...# ..#
#...[...P.........'...# ..#
##..PPP.....P......###.# ..#
#...PP.P.P.P.........#.# ..#
#P..P.##§#P.PP..##...#.. ).#
##..P.P#Yr#...P..##..)#..
.<#######......#@§#P.P..###...#..
#...........PPP####.....# #...#..
...........P.P.....P....# #...'..
............P.P.....P...###...#..
##.............P.P.P..P....÷..###
.#..............P.P...#####'#####
.#..................##......##...
.#................####......##...
.#...............## #......##...


You could see a yak and a porcupine.

Vanquished Creatures
  2 hill giants (D:10)
  3 centaur zombies (D:9)
  2 centaur skeletons (D:9)
  A two-headed ogre (D:10)
  2 trolls
  4 hippogriffs
  A meliai zombie (D:9)
  Sigmund (D:3)
  A spriggan (D:10)
  11 yaks
  2 hungry ghosts
  2 porcupines
  3 water moccasins
  A black bear (D:10)
  2 orc warriors
  4 phantoms
  3 sky beasts
  4 ice beasts
  5 centaurs
  2 necrophages
  2 ogres
  A crocodile (Lair:1)
  A big kobold (D:10)
  3 bullfrogs
  2 wyvern zombies
  2 scorpions (D:10)
  7 killer bees
  2 wights
  5 howler monkeys
  A bullfrog zombie (D:9)
  3 crimson imps
  5 hounds
  2 quasits
  2 orc priests (D:9)
  6 orc wizards
  2 gnoll shamans
  4 jellies
  A bullfrog skeleton (D:6)
  2 iguanas
  Ijyb (D:3)
  6 worker ants
  A worker ant zombie (D:5)
  11 gnolls
  8 adders
  5 shadow imps
  3 oozes
  An adder zombie (D:5)
  4 adder skeletons
  5 worms
  3 dart slugs
  6 leopard geckos
  17 orcs
  3 bats
  6 giant cockroaches
  11 goblins
  10 hobgoblins
  20 jackals
  6 quokkas
  A ball python (D:6)
  5 frilled lizards
  2 jackal skeletons
  9 kobolds
  4 rats
257 creatures vanquished.

Vanquished Creatures (collateral kills)
  2 hellwings (D:9)
  A wyvern (D:9)
  Duvessa (D:7)
  A centaur (D:7)
  Dowan (D:7)
  3 killer bees (D:9)
  2 wights (D:9)
  A crimson imp (D:7)
  An orc wizard (D:7)
13 creatures vanquished.

Vanquished Creatures (others)
  A slime creature (D:10)
  2 yaks (D:10)
  A fungus (D:10)
4 creatures vanquished.

Grand Total: 274 creatures vanquished

Notes
Turn   | Place    | Note
-------+----------+-------------------------------------------
     0 | D:1      | feito the High Elf Hunter began the quest for the Orb.
     0 | D:1      | Reached XP level 1. HP: 14/14 MP: 2/2
    91 | D:1      | Reached XP level 2. HP: 19/19 MP: 3/3
    93 | D:1      | Reached skill level 6 in Bows
   525 | D:1      | Reached XP level 3. HP: 21/24 MP: 4/4
   962 | D:1      | HP: 1/24 [leopard gecko (4)]
  1937 | D:2      | Reached XP level 4. HP: 30/30 MP: 5/5
  2003 | D:2      | Found a sacrificial altar of Ru.
  2003 | D:2      | Found an iron altar of Okawaru.
  2005 | D:2      | Found a glowing silver altar of Zin.
  2005 | D:2      | Found a white marble altar of Elyvilon.
  2009 | D:2      | Found a bloodstained altar of Trog.
  2186 | D:3      | Reached skill level 7 in Bows
  2273 | D:3      | Noticed Ijyb
  2277 | D:3      | Noticed Sigmund
  2289 | D:3      | Killed Ijyb
  2478 | D:3      | Killed Sigmund
  2478 | D:3      | Reached XP level 5. HP: 33/36 MP: 6/6
  2478 | D:3      | Reached XP level 6. HP: 39/42 MP: 7/7
  2528 | D:3      | Reached skill level 8 in Bows
  3807 | D:4      | Reached XP level 7. HP: 28/47 MP: 8/8
  3923 | D:4      | Gained mutation: You are agile. (Dex +2) [potion of beneficial mutation]
  4037 | D:4      | Reached skill level 9 in Bows
  4128 | D:5      | Entered Level 5 of the Dungeon
  4152 | D:5      | Found Riurr's Assorted Antiques.
  4154 | D:5      | Bought a glowing red potion for 23 gold pieces
  4154 | D:5      | Bought a scroll labeled NELYAX EXUC for 26 gold pieces
  5142 | D:5      | Reached XP level 8. HP: 54/54 MP: 9/9
  5393 | D:6      | Reached skill level 10 in Bows
  5618 | D:4      | Reached skill level 5 in Fighting
  5618 | D:4      | Reached skill level 5 in Dodging
  5832 | D:6      | Found a basalt altar of Yredelemnul.
  6413 | D:6      | Reached skill level 11 in Bows
  6700 | D:7      | Found a staircase to the Ecumenical Temple.
  6715 | Temple   | Entered the Ecumenical Temple
  6931 | Temple   | Became a worshipper of Nemelex Xobeh the Trickster
  6970 | D:7      | Received a gift from Nemelex Xobeh
  7019 | D:7      | Noticed a hippogriff
  7070 | D:7      | Noticed Duvessa
  7072 | D:7      | Noticed Dowan
  7079 | D:7      | Killed Duvessa
  7079 | D:7      | Reached XP level 9. HP: 50/62 MP: 10/10
  7086 | D:7      | Killed Dowan
  7102 | D:7      | Got a smoking mace
  7254 | D:7      | Reached skill level 1 in Invocations
  7347 | D:7      | Identified the +6 mace "Sasch" {freeze, rPois Int+3} (You found it on level 7 of the Dungeon)
  7396 | D:7      | Reached skill level 12 in Bows
  7516 | D:7      | Gained mutation: You are very agile. (Dex +4) [potion of beneficial mutation]
  8347 | D:8      | Reached * piety under Nemelex Xobeh
  8678 | D:8      | Identified Sif Muna's Catalogue of Twisted Feathers
  8705 | D:8      | Learned a level 2 spell: Swiftness
  9480 | D:9      | Reached skill level 13 in Bows
  9480 | D:9      | Reached skill level 1 in Spellcasting
  9534 | D:9      | Reached XP level 10. HP: 62/69 MP: 13/13
  9542 | D:9      | Reached skill level 1 in Charms
 11484 | D:8      | Reached skill level 14 in Bows
 12106 | D:9      | Reached skill level 5 in Invocations
 13199 | D:9      | Gained mutation: Your mind is acute. (Int +2) [potion of beneficial mutation]
 13294 | D:10     | Entered Level 10 of the Dungeon
 13304 | D:10     | Reached ** piety under Nemelex Xobeh
 13386 | D:10     | Reached XP level 11. HP: 77/77 MP: 16/16
 13417 | D:10     | Learned a level 3 spell: Confuse
 13504 | D:10     | Noticed a hill giant
 13615 | D:10     | Received a gift from Nemelex Xobeh
 13656 | D:10     | Noticed a hill giant
 13670 | D:10     | Killed a hill giant
 13771 | D:10     | Found a staircase to the Lair.
 13921 | D:10     | a hill giant changed into a slime creature
 13934 | D:10     | Reached skill level 15 in Bows
 14392 | D:10     | Noticed a hill giant
 14437 | D:10     | Killed a hill giant
 15263 | Lair:1   | Entered Level 1 of the Lair of Beasts
 15377 | Lair:1   | Received a gift from Nemelex Xobeh
 15766 | D:10     | Slain by a yak

Vault maps used:
D:1:      dpeg_arrival_court
D:2:      grunt_temple_overflow_open, first_bread, solitary_fountain
D:3:      hex_large, uniq_iyjb, uniq_sigmund
D:5:      serial_shops, nicolae_shop_trees
D:6:      basic_altar, abandoned_shop
D:7:      uniq_duvessa
D:9:      cheibrodos_grave_circle
D:10:     grunt_lair_entry_orc_guard_hut
Temple:   eino_temple_scatter_basement
Lair:1:   grunt_forest_large_clearing_hut, grunt_megastairs_3,
          minmay_lair_oklob_chamber, serial_bayou_shore_a,
          infiniplex_staircase_pool_2

Skill      XL: |  1  2  3  4  5  6  7  8  9 10 11 |
---------------+----------------------------------+-----
Bows           | 6 7 8 9 11 13 14 15 | 15.5
Fighting       | 3 4 5 6 7 8 |  8.5
Dodging        | 3 4 6 7 8 9 |  9.5
Stealth        | 2 3 4 |  4.3
Invocations    | 3 5 6 |  6.7
Spellcasting   | 1 2 |  2.1
Charms         | 3 |  3.1
Short Blades   | |  0.5

Action                   |  1- 3 |  4- 6 |  7- 9 | 10-12 || total
-------------------------+-------+-------+-------+-------++-------
Melee: Short sword       |   116 |       |       |       ||   116
       Dagger            |     8 |    49 |   184 |   137 ||   378
       Mace              |       |       |     6 |    40 ||    46
 Fire: Shortbow          |    50 |    93 |   311 |   387 ||   841
Throw: Tomahawk          |       |     7 |     4 |       ||    11
 Cast: Swiftness         |       |       |     1 |     2 ||     3
Evoke: Deck              |       |       |     3 |    12 ||    15
  Use: Potion            |     1 |       |     4 |     4 ||     9
       Scroll            |       |       |     8 |     4 ||    12
 Stab: Sleeping          |     1 |     1 |     1 |       ||     3
       Distracted        |       |       |     1 |       ||     1
  Eat: Chunk             |     3 |     6 |    15 |    11 ||    35
       Pizza             |       |       |     3 |       ||     3
       Beef jerky        |       |       |       |     2 ||     2
       Bread ration      |       |       |       |     1 ||     1
Armor: Leather armour    |    26 |    16 |    78 |    89 ||   209
Dodge: Dodged            |    75 |    40 |   218 |   355 ||   688
Block: Other             |       |     2 |    25 |     6 ||    33
       Reflection        |       |       |     1 |       ||     1
